 Dungeon Crawl Stone Soup version 0.17.1-3-g152610e (webtiles) character file.

13969 Asagix the Nimble (level 11, -12/103 HPs)
             Began as a Deep Dwarf Berserker on Feb 27, 2016.
             Was a High Priest of Trog.
             Hit by a large rock thrown by a cyclops (20 damage)
             ... on level 4 of the Orcish Mines.
             The game lasted 01:22:59 (9212 turns).

Asagix the Nimble (Deep Dwarf Berserker)            Turns: 9212, Time: 01:22:59

Health: -12/103    AC: 19    Str: 24    XL:     11   Next: 82%
Magic:  9/9        EV: 17    Int:  8    God:    Trog [*****.]
Gold:   511        SH:  0    Dex: 12    Spells: 0 memorised, 10 levels left

rFire  . . .     SeeInvis .     b - +7 demon trident (drain)
rCold  . . .     Clarity  .     U - +3 chain mail {rPois}
rNeg   . . .     SustAt   .     (no shield)
rPois  +         Gourm    +     (no helmet)
rElec  .         Spirit   .     x - +0 cloak
rCorr  .         Warding  .     k - +0 pair of gloves
rMut   .         Stasis   .     v - +0 pair of boots
MR     +....                    L - amulet of the gourmand
Stlth  ..........               w - +4 ring of evasion
                                M - ring of magical power

@: about to teleport, non-regenerating, somewhat resistant to hostile
enchantments, extremely unstealthy
A: damage resistance, recharge devices, sense surroundings 2, slow regeneration
3
a: Device Recharging, Berserk, Trog's Hand, Brothers in Arms, Burn Spellbooks,
Renounce Religion


You were on level 4 of the Orcish Mines.
You worshipped Trog.
Trog was extremely pleased with you.
You were very full.

You visited 2 branches of the dungeon, and saw 14 of its levels.
You also visited: Ossuary.

You collected 892 gold pieces.
You spent 381 gold pieces at shops.

Inventory:

Hand Weapons
 a - a +0 hand axe
 b - a +7 demon trident of draining (weapon)
 e - a +3 trident
 q - a +2 arbalest of freezing
 y - a +5 hand crossbow of freezing
 z - a +8 trident of piercing
 D - a +0 executioner's axe of electrocution
 V - a +3 quarterstaff of speed
Armour
 g - a +0 buckler
 k - a +0 pair of gloves (worn)
 o - a +2 leather armour of fire resistance
 v - a +0 pair of boots (worn)
 x - a +0 cloak (worn)
 N - a +2 robe of the Archmagi
 U - a +3 chain mail of poison resistance (worn)
Jewellery
 j - a cursed ring of teleportation {unknown}
 u - an uncursed ring of positive energy
 w - a +4 ring of evasion (right hand)
 H - an uncursed ring of fire
 L - an amulet of the gourmand (around neck)
 M - a ring of magical power (left hand)
 W - an uncursed ring of see invisible {unknown}
 X - an uncursed amulet of resist mutation
Wands
 c - a wand of heal wounds (0)
 T - a wand of paralysis (1)
Scrolls
 h - a scroll of brand weapon {unknown}
 F - a scroll of noise {unknown}
 G - a scroll of blinking {unknown}
 I - 4 scrolls of remove curse
 J - 2 scrolls of fog {unknown}
 O - a scroll of magic mapping {unknown}
 Q - a scroll of vulnerability {unknown}
Potions
 f - a potion of lignification
 i - a potion of cancellation
 s - a potion of invisibility
 B - 3 potions of flight
 E - a potion of ambrosia
 P - a potion of poison {unknown}
 R - a potion of brilliance {unknown}
 S - 2 potions of haste {unknown}
 Z - 2 potions of cure mutation {unknown}
Miscellaneous
 K - a crystal ball of energy
Comestibles
 d - 4 bread rations
 l - 9 meat rations
 m - 2 beef jerkies
 p - 7 fruits
 r - 8 royal jellies


   Skills:
 + Level 8.3 Fighting
 + Level 7.2(8.7) Axes
 + Level 6.1(7.3) Polearms
 + Level 10.1 Armour
 + Level 10.5 Dodging
 + Level 2.6 Stealth
 + Level 5.9 Shields
 + Level 4.8 Evocations


You had 10 spell levels left.
You didn't know any spells.

Dungeon Overview and Level Annotations

Branches:
Dungeon (10/15)            Temple (0/1) D:7            Lair (0/8) D:10
    Orc (4/4) D:10            Elf (0/3) Orc:3

Altars:
Dithmenos
Elyvilon
Fedhas
Gozag
Makhleb
Okawaru
Ru
Trog
Xom
Yredelemnul
Zin
The Shining One

Shops:
D:5 }   D:7 *   D:8 *   Orc:3 [   Orc:4 :*


Innate Abilities, Weirdness & Mutations

You are resistant to damage.
You can recharge devices by infusing magical energy.
You passively map the area around you.
You do not regenerate naturally.


Message History

The orc wizard casts a spell.
The orc wizard blinks!
An orc warrior and an orc wizard come into view.
The orc warrior shouts!
The orc wizard shouts!
An orc comes into view. It is wielding a hand axe.
The orc wizard gestures at you while chanting.
The magic dart hits you!
The cyclops throws a large rock.
The large rock hits you.
* * * LOW HITPOINT WARNING * * *
The sheep bites you.
* * * LOW HITPOINT WARNING * * *
You see here a large rock.
Read which item? (? for menu, Esc to quit)
As you read the scroll of teleportation, it crumbles to dust.
You feel strangely unstable.
The orc shouts!
The cyclops throws a large rock.
The large rock barely misses you. The sheep closely misses you.
The cyclops throws a large rock.
The large rock hits you!!
You die...

* * ########## ####* * ,
,#..#.#...###...##. ,,
,,,.................., ,
, , .......(..@........
* , ....oooo.o..........
* ,
........(YY..........∩ *
,,
...o......Y...........,*
, ,
......o...o........... *
, ..........$...C.......
, ......................
, , ,
..........Y...........,
,,
......................,
*


You could see a cyclops, an orc warrior, 4 sheep, 2 orc wizards and 5 orcs.

Vanquished Creatures
  Harold (D:10)
  5 orc knights
  The ghost of Clownie the Zephyrmancer, a novice TeAE of Vehumet (D:9)
  An orc sorcerer (Orc:3)
  Maurice (Orc:1)
  Joseph (D:8)
  The ghost of ghwc the Sneak, a novice OpEn (Ossuary)
  A two-headed ogre (D:10)
  Prince Ribbit (D:8)
  A queen bee (D:8)
  A wyvern (D:6)
  5 wargs
  A hippogriff (D:8)
  An ice beast (D:10)
  24 orc warriors
  A sky beast (D:10)
  8 ogres
  3 centaurs
  An eye of draining (D:9)
  The ghost of Kromin the Grave Robber, an amateur HuNe (D:3)
  2 big kobolds (D:9)
  A gnoll sergeant (D:4)
  A giant frog (D:9)
  A wyvern zombie (D:8)
  12 scorpions
  4 wights (D:7)
  21 killer bees (D:8)
  2 giant frog zombies
  5 crimson imps
  A hound (D:7)
  6 centaur zombies
  2 jellies
  20 orc wizards
  5 giant frog skeletons
  11 orc priests
  4 iguanas
  Terence (D:3)
  3 human zombies (Ossuary)
  4 worker ants
  2 big kobold zombies (Ossuary)
  2 hound zombies
  A hound skeleton (D:4)
  3 mummies (Ossuary)
  5 gnolls (D:4)
  11 adders
  4 scorpion zombies (Ossuary)
  2 adder skeletons
  An adder zombie (D:5)
  3 worms
  6 giant geckos
  99 orcs
  7 bats
  2 giant cockroaches
  A gnoll zombie (Ossuary)
  4 hobgoblins
  9 jackals
  2 quokkas
  2 giant gecko skeletons
  4 giant newts
  3 goblins (D:3)
  4 goblin zombies (Ossuary)
  A hobgoblin zombie (Ossuary)
  9 kobolds
  2 orc zombies (Ossuary)
  6 rats
361 creatures vanquished.

Vanquished Creatures (others)
  A scorpion (Ossuary)
1 creature vanquished.

Grand Total: 362 creatures vanquished

Notes
Turn   | Place    | Note
--------------------------------------------------------------
     0 | D:1      | Asagix the Deep Dwarf Berserker began the quest for the Orb.
     0 | D:1      | Reached XP level 1. HP: 20/20 MP: 1/1
   311 | D:1      | Reached XP level 2. HP: 18/27 MP: 2/2
   834 | D:2      | Found an iron altar of Okawaru.
   996 | D:2      | Reached XP level 3. HP: 23/34 MP: 3/3
  1024 | D:2      | Reached ** piety under Trog
  1253 | D:2      | Found a sacrificial altar of Ru.
  1293 | D:2      | Reached XP level 4. HP: 33/42 MP: 4/4
  1449 | D:3      | Noticed Kromin's ghost (amateur HuNe)
  1477 | D:3      | Killed Kromin's ghost
  1477 | D:3      | Reached skill level 4 in Axes
  1477 | D:3      | Reached XP level 5. HP: 31/49 MP: 5/5
  1573 | D:3      | Found a white marble altar of Elyvilon.
  1767 | D:3      | Noticed Terence
  1785 | D:3      | Killed Terence
  1785 | D:3      | Reached skill level 1 in Shields
  2085 | D:3      | Reached skill level 1 in Stealth
  2122 | D:4      | Reached XP level 6. HP: 55/57 MP: 6/6
  2216 | D:4      | Found an opulent altar of Gozag.
  2345 | D:4      | Reached *** piety under Trog
  2372 | D:4      | Noticed an ogre
  2380 | D:4      | Killed an ogre
  2380 | D:4      | Reached skill level 5 in Dodging
  2426 | D:4      | Reached skill level 5 in Axes
  2438 | D:4      | Reached XP level 7. HP: 43/64 MP: 7/7
  2723 | D:5      | Entered Level 5 of the Dungeon
  2723 | D:5      | Found Fihito's Gadget Emporium.
  2844 | D:5      | Found a blossoming altar of Fedhas.
  3122 | D:5      | Reached skill level 6 in Dodging
  3411 | D:6      | Noticed a wyvern
  3421 | D:6      | Killed a wyvern
  3421 | D:6      | Reached skill level 1 in Polearms
  3421 | D:6      | Reached XP level 8. HP: 31/72 MP: 7/7
  3437 | D:6      | Reached skill level 5 in Armour
  3445 | D:6      | Reached **** piety under Trog
  3510 | D:6      | Reached skill level 1 in Evocations
  3635 | D:6      | Reached skill level 7 in Dodging
  3803 | D:6      | Found a bloodstained altar of Trog.
  3812 | D:6      | Found a shimmering altar of Xom.
  3819 | D:6      | Found a glowing golden altar of the Shining One.
  4027 | D:7      | Found a staircase to the Ecumenical Temple.
  4093 | D:7      | Found a sand-covered staircase.
  4102 | Ossuary  | Entered an ossuary
  4200 | Ossuary  | Noticed ghwc's ghost (novice OpEn)
  4217 | Ossuary  | Killed ghwc's ghost
  4217 | Ossuary  | Reached skill level 5 in Fighting
  4217 | Ossuary  | Gained mutation: You passively map the area around you. [Deep Dwarf growth]
  4217 | Ossuary  | Reached XP level 9. HP: 59/81 MP: 8/8
  4437 | Ossuary  | Reached skill level 8 in Dodging
  4894 | D:7      | Found a shadowy altar of Dithmenos.
  5008 | D:7      | Found a glowing silver altar of Zin.
  5010 | D:7      | Found Zin's Purification Station.
  5165 | D:8      | Found Xukhylup's Assorted Antiques.
  5165 | D:8      | Noticed Joseph
  5169 | D:8      | Bought a runed chain mail for 121 gold pieces
  5195 | D:8      | Killed Joseph
  5241 | D:8      | Noticed Prince Ribbit
  5261 | D:8      | Killed Prince Ribbit
  5290 | D:8      | Found a blossoming altar of Fedhas.
  5435 | D:8      | Reached XP level 10. HP: 48/91 MP: 8/8
  5464 | D:8      | Reached skill level 9 in Dodging
  5493 | D:8      | Reached ***** piety under Trog
  5647 | D:8      | Identified a scroll of acquirement
  6023 | D:8      | Found a burning altar of Makhleb.
  6434 | D:9      | Noticed Clownie's ghost (novice TeAE)
  6453 | D:9      | Killed Clownie's ghost
  6453 | D:9      | Reached skill level 5 in Polearms
  6587 | D:9      | Found a basalt altar of Yredelemnul.
  6977 | D:10     | Entered Level 10 of the Dungeon
  6985 | D:10     | Received a gift from Trog
  7089 | D:10     | Found a staircase to the Lair.
  7139 | D:10     | Noticed Harold
  7168 | D:10     | Killed Harold
  7168 | D:10     | Reached skill level 5 in Shields
  7194 | D:10     | Found a staircase to the Orcish Mines.
  7202 | Orc:1    | Entered Level 1 of the Orcish Mines
  7221 | Orc:1    | Noticed Maurice
  7242 | Orc:1    | Paralysed by something for 3 turns
  7245 | Orc:1    | Killed Maurice
  7245 | Orc:1    | Reached XP level 11. HP: 88/100 MP: 7/7
  7737 | Orc:3    | Found a staircase to the Elven Halls.
  7817 | Orc:3    | Found Ime Lyav's Armour Boutique.
  7858 | Orc:3    | Reached skill level 10 in Dodging
  7993 | Orc:3    | Found a bloodstained altar of Trog.
  7995 | Orc:3    | Received a gift from Trog
  8320 | Orc:4    | Entered Level 4 of the Orcish Mines
  8627 | Orc:4    | Found Hirutopt's Book Emporium.
  8627 | Orc:4    | Found Idoluerre's General Store.
  8647 | Orc:4    | Bought a crystal ball of energy for 260 gold pieces
  9024 | Orc:3    | Received a gift from Trog
  9107 | Orc:4    | Reached skill level 10 in Armour
  9212 | Orc:4    | Hit by a large rock thrown by a cyclops

Action                   |  1- 3 |  4- 6 |  7- 9 | 10-12 || total
-------------------------+-------+-------+-------+-------++-------
Melee: Hand axe          |   113 |   175 |     7 |       ||   295
       Trident           |       |       |   481 |   481 ||   962
       Executioner's axe |       |       |       |   199 ||   199
       Demon trident     |       |       |       |    45 ||    45
Invok: Burn Spellbooks   |       |       |       |     2 ||     2
 Abil: Device Recharging |       |       |     3 |    11 ||    14
Evoke: Wand              |     1 |     2 |    14 |    60 ||    77
  Use: Potion            |     2 |     1 |     2 |     8 ||    13
       Scroll            |       |       |     6 |    21 ||    27
 Stab: Sleeping          |     1 |       |       |       ||     1
       Invisible         |       |       |       |     3 ||     3
  Eat: Chunk             |     1 |     4 |    24 |    13 ||    42
       Beef jerky        |       |       |     1 |       ||     1
       Royal jelly       |       |       |       |     1 ||     1
